 Dungeon Crawl Stone Soup version 0.31.0-11-ge490571c62 (webtiles) character file.

Game seed: 18328276768318964766

707 qw the Ducker (level 7, -1/35 HPs)
             Began as a Spriggan Hunter on Feb 5, 2024.
             Slain by a black bear (4 damage)
             ... on level 5 of the Dungeon.
             The game lasted 00:01:16 (4295 turns).

qw the Ducker (Spriggan Hunter)                     Turns: 4295, Time: 00:01:16

Health: -1/35      AC:  2    Str:  7      XL:     7   Next: 40%
Magic:  8/8        EV: 22    Int:  9      God:
Gold:   139        SH:  5    Dex: 19 (20) Spells: 6/6 levels left

rFire   + + .        a - +0 shortbow
rCold   + + .        (shield currently unavailable)
rNeg    . . .        c - +0 robe
rPois   .            (helmet restricted)
rElec   .            k - scarf {rC+ rF+}
rCorr   .            (gloves unavailable)
SInv    +            (boots unavailable)
Will    +....        i - amulet of reflection
Stlth   ++           h - ring of protection from fire
HPRegen 0.25/turn    b - ring of protection from cold
MPRegen 0.11/turn

%: reflection
@: very quick
A: very small, no large weapons, unfitting armour, see invisible, speed 3,
hooves 1, deterioration 1, dopey 1, MP-powered wands
a: no special abilities


You were on level 5 of the Dungeon.
You visited 1 branch of the dungeon, and saw 5 of its levels.

You collected 295 gold pieces.
You spent 156 gold pieces at shops.


Innate Abilities, Weirdness & Mutations

You are very small and have problems with some larger weapons.
You are too small for most types of armour.
You have supernaturally acute eyesight. (SInv)
You cover ground extremely quickly. (Speed+++)
You have large cloven feet.
Your body sometimes deteriorates upon taking damage.
You are dopey. (Int -2)
You expend magic power (3 MP) to strengthen your wands.


   Skills:
 - Level 2.4 Fighting
 + Level 7.1 Ranged Weapons
 - Level 7.2 Dodging
 - Level 1.5 Stealth


You had 6 spell levels left.
You didn't know any spells.
Your spell library was empty.

Inventory:

Hand Weapons
 a - a +0 shortbow (weapon)
Armour
 c - a +0 robe (worn)
 k - a scarf of resistance (worn)
Jewellery
 b - a ring of protection from cold (right hand)
 h - a ring of protection from fire (left hand)
 i - an amulet of reflection (around neck)
 Y - a ring of positive energy
Wands
 f - a wand of roots (7)
Potions
 d - 3 potions of heal wounds
 e - a potion of brilliance {unknown}
 g - a potion of enlightenment {unknown}
 l - a potion of curing

Dungeon Overview and Level Annotations

Branches:
Dungeon (5/15)
 Temple: D:4-7

Altars:
Vehumet

Shops:
D:4 ![[

Annotations:
D:4 1 runed translucent door, Crazy Yiuf


Message History

The black bear bites you. The black bear claws you.
The black bear completely misses you.
You shoot an arrow. The arrow barely misses the black bear.
The black bear bites you but does no damage.
You block the black bear's attack. The black bear claws you.
You shoot an arrow. The arrow hits the black bear!
The black bear is heavily wounded.
The black bear misses you. The black bear closely misses you.
The black bear misses you.
You shoot an arrow. The arrow hits the black bear!
The black bear is severely wounded.
The black bear completely misses you. You block the black bear's attack.
The black bear misses you.
You shoot an arrow.
The arrow hits the black bear but does no damage.
The black bear is severely wounded.
The black bear goes berserk!
You shoot an arrow. The arrow hits the black bear.
The black bear is severely wounded.
You block the black bear's attack. The black bear barely misses you.
The black bear misses you.
You shoot an arrow. The arrow hits the black bear.
The black bear is severely wounded.
The black bear misses you. The black bear completely misses you.
The black bear misses you. You block the black bear's attack.
The black bear completely misses you. The black bear misses you.
You shoot an arrow. The arrow barely misses the black bear.
The black bear bites you. The black bear claws you.
The black bear completely misses you.
You shoot an arrow. The arrow hits the black bear!
The black bear is almost dead.
The black bear bites you! The black bear misses you.
The black bear closely misses you. The black bear completely misses you.
The black bear barely misses you. You block the black bear's attack.
You shoot an arrow.
The arrow hits the black bear but does no damage.
The black bear is almost dead.
The black bear bites you! The black bear completely misses you.
The black bear claws you. The black bear bites you.
You die...

##...#.# #.
#.....)######### #.
#............... #.
#....>?..)))>...
#.##....#.###.##.##
#.#....##.# #.##.#
#.#....##.###.##.#
##h#........##.##.#
#..@......[.##.##.#
#...........##.##.#
#......?..#.##.##.#
####...####.##.##.##
#...# ##...... ....#
###.... .#### #.###
. ##.## ##.###...##


You could see a black bear (berserk).

Vanquished Creatures
  A sky beast (D:5)
  2 ogres (D:5)
  2 scorpions
  A howler monkey (D:5)
  A bombardier beetle (D:4)
  A hound (D:5)
  A jelly (D:4)
  2 orc wizards (D:5)
  A gnoll (D:5)
  6 adders
  A dart slug (D:3)
  11 orcs
  2 ball pythons
  10 endoplasms
  8 goblins
  8 hobgoblins
  A kobold (D:2)
  5 quokkas
  3 bats
  2 frilled lizards
  2 rats (D:2)
71 creatures vanquished.

Vanquished Creatures (others)
  An orc wizard (D:5)
1 creature vanquished.

Grand Total: 72 creatures vanquished

Notes
Turn   | Place    | Note
-------+----------+-------------------------------------------
     0 | D:1      | qw the Spriggan Hunter began the quest for the Orb.
     0 | D:1      | Reached XP level 1. HP: 10/10 MP: 2/2
     0 | D:1      | 0 ||| qw: Version: 0.3-a-160-g6735b56
     0 | D:1      | 0 ||| qw: Game counter: 6358
     0 | D:1      | 0 ||| qw: Melee chars always use a shield: true
     0 | D:1      | 0 ||| qw: God list: Okawaru
     0 | D:1      | 0 ||| qw: Allow faded altars: false
     0 | D:1      | 0 ||| qw: Do Orc after clearing Dungeon:15 true
     0 | D:1      | 0 ||| qw: Do second Lair branch before Depths: true
     0 | D:1      | 0 ||| qw: Lair rune preference: random
     0 | D:1      | 0 ||| qw: Goals: Normal
     0 | D:1      | 0 ||| PLANNING D:1-11
    38 | D:1      | Reached skill level 3 in Dodging
   303 | D:1      | Reached XP level 2. HP: 14/14 MP: 3/3
   496 | D:1      | 496 ||| UPGRADING to amulet of the acrobat.
   501 | D:1      | 501 ||| UPGRADING to amulet of reflection.
   511 | D:1      | 511 ||| DROPPING amulet of the acrobat.
   512 | D:1      | 512 ||| DROPPING ring of magical power.
   513 | D:1      | 513 ||| READING scroll labelled RUADEY YTRAMEO.
   514 | D:1      | 514 ||| READING scroll labelled TEELEG DITTOY.
   514 | D:1      | 514 ||| IDENTIFYING grey potion
   515 | D:1      | 515 ||| READING scroll labelled YPISIJ XUFEUZ.
   516 | D:1      | 516 ||| READING scroll labelled FERITUJ LIWN.
   516 | D:1      | 516 ||| ENCHANTING +0 shortbow.
   517 | D:1      | 517 ||| DROPPING scroll of butterflies.
   518 | D:1      | 518 ||| DROPPING potion of invisibility.
   576 | D:2      | Found a faded altar of an unknown god.
   856 | D:2      | Reached XP level 3. HP: 15/18 MP: 4/4
  1284 | D:2      | 1284 ||| READING scroll labelled UCUHIL IPAD.
  1285 | D:2      | 1285 ||| READING scroll labelled BOVAOM EC SUI.
  1286 | D:2      | 1286 ||| DRINKING 2 fuming blue potions.
  1286 | D:2      | Gained mutation: You sometimes lose your temper in combat.
                  | [potion of mutation]
  1286 | D:2      | Gained mutation: Your body sometimes deteriorates upon
                  | taking damage. [potion of mutation]
  1286 | D:2      | Gained mutation: Your body often deteriorates upon taking
                  | damage. [potion of mutation]
  1287 | D:2      | 1287 ||| DRINKING potion of mutation.
  1287 | D:2      | Lost mutation: Your body often deteriorates upon taking
                  | damage. [potion of mutation]
  1287 | D:2      | Lost mutation: You sometimes lose your temper in combat.
                  | [potion of mutation]
  1287 | D:2      | Gained mutation: You have large cloven feet. [potion of
                  | mutation]
  1287 | D:2      | Gained mutation: You are dopey. (Int -2) [potion of
                  | mutation]
  1287 | D:2      | Gained mutation: You expend magic power (3 MP) to
                  | strengthen your wands. [potion of mutation]
  1456 | D:3      | Reached XP level 4. HP: 22/22 MP: 5/5
  1989 | D:3      | 1989 ||| UPGRADING to scarf of resistance.
  1994 | D:3      | 1994 ||| UPGRADING to ring of protection from fire.
  1995 | D:3      | 1995 ||| UPGRADING to ring of positive energy.
  1996 | D:3      | 1996 ||| READING scroll labelled EGUTUNGYSOY.
  1997 | D:3      | 1997 ||| READING scroll labelled FOOCUN TUVAHE.
  1998 | D:3      | 1998 ||| READING scroll labelled LATIMO FOKOIM.
  2000 | D:3      | 2000 ||| Stepping ~*~*~tactically~*~*~ (cloud).
  2009 | D:3      | HP: 5/22 [poisoned by you (poison gas)]
  2309 | D:4      | Identified the +4 buckler "Duas" {Str+6 SInv}
  2324 | D:4      | Found Lownak's Distillery.
  2332 | D:4      | 2332 ||| SHOPLISTING 2 potions of haste (240 gold, have
                  | 209).
  2332 | D:4      | 2332 ||| BUYING 2 potions of heal wounds (120 gold).
  2332 | D:4      | Bought 2 potions of heal wounds for 120 gold pieces
  2332 | D:4      | 2332 ||| BUYING potion of curing (36 gold).
  2332 | D:4      | Bought a potion of curing for 36 gold pieces
  2332 | D:4      | 2332 ||| SHOPLISTING potion of heal wounds (60 gold, have
                  | 53).
  2332 | D:4      | 2332 ||| SHOPLISTING potion of resistance (120 gold, have
                  | 53).
  2390 | D:4      | Found a radiant altar of Vehumet.
  2430 | D:4      | Found Duariruf's Armour Boutique.
  2449 | D:4      | Found Syfavic's Antique Armour Shop.
  2451 | D:4      | 2451 ||| SHOPLISTING +1 robe "Weideboe" {Int+3} (228 gold,
                  | have 63).
  2459 | D:4      | 2459 ||| SHOPLISTING steaming cloak (294 gold, have 63).
  2565 | D:4      | Noticed a scorpion
  2566 | D:4      | 2566 ||| ZAPPING wand of flame (10) at 7,3 (scorpion;
                  | floor).
  2567 | D:4      | 2567 ||| ZAPPING wand of flame (9) at 6,3 (scorpion;
                  | floor).
  2568 | D:4      | 2568 ||| ZAPPING wand of flame (8) at 5,3 (scorpion;
                  | floor).
  2569 | D:4      | 2569 ||| ZAPPING wand of flame (7) at 3,2 (scorpion;
                  | floor).
  2570 | D:4      | 2570 ||| ZAPPING wand of flame (6) at 2,1 (scorpion;
                  | floor).
  2571 | D:4      | 2571 ||| ZAPPING wand of flame (5) at 1,1 (scorpion;
                  | floor).
  2572 | D:4      | 2572 ||| ZAPPING wand of flame (4) at 1,1 (scorpion;
                  | floor).
  2573 | D:4      | 2573 ||| ZAPPING wand of flame (3) at 1,1 (scorpion;
                  | floor).
  2573 | D:4      | Killed a scorpion
  2574 | D:4      | Reached XP level 5. HP: 27/27 MP: 0/6
  2827 | D:4      | Identified the +7 hammer of Mana {vamp, rC+ Dex+4 Stlth+}
  2828 | D:4      | Identified the +4 hammer of Exoneration {heavy, rPois Dex+3
                  | SInv}
  2832 | D:4      | Found a runed translucent door.
  2833 | D:4      | Noticed Crazy Yiuf
  3196 | D:4      | 3196 ||| UPGRADING to ring of protection from cold.
  3198 | D:4      | 3198 ||| READING scroll labelled TOYHOT JEA.
  3299 | D:4      | 3299 ||| READING 2 scrolls labelled FUOSUFUEQU.
  3437 | D:5      | Entered Level 5 of the Dungeon
  3446 | D:5      | 3446 ||| STAIRDANCE
  3455 | D:5      | Noticed an ogre
  3456 | D:5      | 3456 ||| STAIRDANCE
  3520 | D:5      | 3520 ||| ZAPPING wand of flame (2) at -1,-1 (ogre; floor).
  3521 | D:5      | 3521 ||| ZAPPING wand of flame (1) at -1,-1 (ogre; floor).
  3523 | D:5      | Killed an ogre
  3524 | D:5      | Reached skill level 6 in Ranged Weapons
  3524 | D:5      | Reached XP level 6. HP: 16/32 MP: 0/7
  3692 | D:5      | Reached skill level 6 in Dodging
  3874 | D:5      | HP: 8/32 [poisoned by a scorpion]
  4036 | D:5      | HP: 7/32 [ogre/+0 giant club (25)]
  4037 | D:5      | 4037 ||| READING scroll of teleportation.
  4038 | D:5      | 4038 ||| DRINKING 4 potions of heal wounds.
  4040 | D:5      | Reached XP level 7. HP: 35/35 MP: 8/8
  4295 | D:5      | HP: 6/35 [black bear (7)]
  4295 | D:5      | Slain by a black bear

Levels and vault maps discovered:
D:1:      ebering_hopf_link, layout_basic
D:2:      layout_loops_corners, chequers_ecumenical_altar_simple_redux
D:3:      cheibrodos_helix_gallery, layout_basic, minmay_strange_pillars
D:4:      layout_basic, vehumet_crystals, serial_shops,
          nicolae_shop_window_shopping, shop, nicolae_shop_tiny_glass,
          uniq_crazy_yiuf_cottage
D:5:      layout_loops_ring, sigmund_army

Skill      XL: |  1  2  3  4  5  6  7 |
---------------+----------------------+-----
Dodging        | 3 4 5 6 7 |  7.2
Ranged Weapons | 5 6 7 |  7.1
Fighting       | 2 |  2.4
Stealth        | |  1.5

Action                     |  1- 3 |  4- 6 |  7- 9 || total
---------------------------+-------+-------+-------++-------
   Fire: Shortbow          |    90 |   112 |    39 ||   241
  Evoke: Wand              |       |    10 |       ||    10
    Use: Scroll            |     6 |     6 |       ||    12
         Potion            |     2 |     1 |       ||     3
 Armour: Robe              |     4 |     7 |    20 ||    31
  Dodge: Dodged            |    16 |    36 |    51 ||   103
  Block: Other             |     2 |     8 |    13 ||    23

Table legend:
 A = Non-vault XP
 B = Vault XP
 C = Vault XP percentage of total XP
 D = Non-vault monster count
 E = Vault monster count
 F = Vault count percentage of total count
                 A         B        C        D         E       F
            +---------+---------+-------+---------+---------+-------
      Total |     988 |      23 |   2.3 |      67 |       5 |   6.9
            +---------+---------+-------+---------+---------+-------
        D:1 |      16 |       0 |   0.0 |       9 |       0 |   0.0
        D:2 |      49 |       0 |   0.0 |      16 |       0 |   0.0
        D:3 |      47 |       4 |   7.8 |      11 |       2 |  15.4
        D:4 |     195 |       0 |   0.0 |      10 |       0 |   0.0
        D:5 |     681 |      19 |   2.7 |      21 |       3 |  12.5
            +---------+---------+-------+---------+---------+-------
